 Dungeon Crawl Stone Soup version 0.29.1-12-g30fa7ad0bf (webtiles) character file.

Game seed: 10591461021681777932

1493474 nightchill the Conqueror (level 26, 262/266 HPs)
             Began as a Minotaur Fighter on Dec 21, 2022.
             Was an Elder of Wu Jian.
             Escaped with the Orb
             ... and 3 runes on Jan 1, 2023!
             The game lasted 06:22:45 (90041 turns).

nightchill the Conqueror (Minotaur Fighter)        Turns: 90041, Time: 06:22:46

Health: 262/266    AC: 40    Str: 27      XL:     26   Next: 70%
Magic:  22/22      EV: 21    Int:  4 (5)  God:    Wu Jian [****..]
Gold:   4392       SH: 34    Dex: 21      Spells: 25/25 levels left

rFire   + . .      SeeInvis .   w - +8 morningstar (holy)
rCold   + + +      Faith    .   l - +8 tower shield {rC+}
rNeg    + + .      Spirit   .   B - +9 scales of the Dragon King {rPois rF+ rC+ Will+}
rPois   +          Reflect  .   R - +2 hat {Will+}
rElec   +          Harm     .   E - scarf {repulsion}
rCorr   .          Rampage  .   n - +0 pair of gloves of Heelotar {Dex+4}
Will    +++..                   S - +0 pair of boots of Tugifar {rN+ Dex+3 Stlth-}
Stlth   ..........              O - amulet "Riulacs" {Acrobat +Blink rPois rC+}
HPRegen 0.54/turn               r - +4 ring of slaying
MPRegen 0.18/turn               X - ring of Goulo {rElec rC+ rN+ Dex+4}

@: hasted, studying Stealth, repel missiles, very quick
A: horns 2, retaliatory headbutt, clumsy 2, deterioration 2, weak 1
0: Orb of Zot
}: 3/15 runes: decaying, silver, gossamer
a: Renounce Religion, Evoke Blink, Wall Jump, Serpent's Lash


You escaped.
You worshipped Wu Jian.
Wu Jian was greatly pleased with you.
You visited 11 branches of the dungeon, and saw 51 of its levels.
You also visited: Sewer, Ossuary, Bailey and Ice Cave.

You collected 10106 gold pieces.
You spent 5714 gold pieces at shops.

Inventory:

Hand Weapons
 a - a +9 eveningstar of freezing
 b - a +9 demon whip of electrocution
 w - a +8 morningstar of holy wrath (weapon)
Missiles
 Y - 21 atropa-tipped darts (quivered)
Armour
 l - a +8 tower shield of cold resistance (worn)
 n - the +0 pair of gloves of Heelotar (worn) {Dex+4}
   (You acquired it on level 2 of the Swamp)

   Dex:       It affects your dexterity (+4).
 B - the +9 scales of the Dragon King (worn) {rPois rF+ rC+ Will+}
   (You bought it in a shop on level 1 of the Vaults)

   rF:        It protects you from fire.
   rC:        It protects you from cold.
   rPois:     It protects you from poison.
   Will:      It increases your willpower.
 E - a scarf of repulsion (worn)
 R - a +2 hat of willpower (worn)
 S - the +0 pair of boots of Tugifar (worn) {rN+ Dex+3 Stlth-}
   (You found it on level 3 of the Elven Halls)

   Dex:       It affects your dexterity (+3).
   rN:        It protects you from negative energy.
   Stlth:     It makes you less stealthy.
Jewellery
 c - a ring of see invisible
 j - a ring of resist corrosion
 r - a +4 ring of slaying (left hand)
 D - a ring of willpower
 G - a +4 ring of slaying
 O - the amulet "Riulacs" (around neck) {Acrobat +Blink rPois rC+}
   (You bought it in a shop on level 1 of the Dungeon)

   [amulet of the acrobat]

   It increases your evasion while moving and waiting.
   rC:        It protects you from cold.
   rPois:     It protects you from poison.
   +Blink:    It lets you blink.
 P - a ring of protection from fire
 X - the ring of Goulo (right hand) {rElec rC+ rN+ Dex+4}
   (You found it on level 3 of the Crypt)

   [ring of positive energy]

   Dex:       It affects your dexterity (+4).
   rC:        It protects you from cold.
   rElec:     It insulates you from electricity.
   rN:        It protects you from negative energy.
Wands
 f - a wand of roots (41)
 s - a wand of mindburst (55)
 v - a wand of polymorph (17)
 N - a wand of paralysis (78)
 U - a wand of digging (17)
 Z - a wand of acid (43)
Scrolls
 q - 10 scrolls of fear
 u - 3 scrolls of silence
 x - 11 scrolls of butterflies
 y - 2 scrolls of torment
 z - 12 scrolls of poison
 A - 8 scrolls of blinking
 C - 4 scrolls of enchant armour
 H - 13 scrolls of vulnerability
 L - 21 scrolls of teleportation
 Q - 5 scrolls of immolation
 T - 5 scrolls of summoning
Potions
 e - 12 potions of mutation
 g - 25 potions of curing
 h - 8 potions of attraction
 i - 7 potions of brilliance
 k - 5 potions of might
 p - 8 potions of haste
 t - 6 potions of heal wounds
 F - 10 potions of cancellation
 I - 10 potions of lignification
 J - 18 potions of ambrosia
 K - 6 potions of invisibility
 M - 9 potions of flight
 V - 4 potions of resistance
Miscellaneous
 d - a condenser vane
 m - a phantom mirror
 W - a tin of tremorstones (2/2)


   Skills:
 O Level 27 Fighting
 - Level 16.0 Maces & Flails
 - Level 25.0 Armour
 - Level 25.0 Dodging
 - Level 25.0 Shields
 + Level 18.4 Evocations


You had 25 spell levels left.
You didn't know any spells.
Your spell library contained the following spells:

 Spells                   Type           Power      Damage    Failure   Level
 Apportation              Tloc           0%         N/A       99%         1
 Foxfire                  Conj/Fire      0%         2x1d4     99%         1
 Magic Dart               Conj           0%         1d3       99%         1
 Necrotise                Necr           0%         1d4       99%         1
 Sandblast                Erth           0%         2d4       99%         1
 Summon Small Mammal      Summ           0%         N/A       99%         1
 Call Imp                 Summ           0%         N/A       100%        2
 Passwall                 Tmut/Erth      0%         N/A       100%        2
 Sublimation of Blood     Necr           0%         N/A       100%        2
 Conjure Flame            Conj/Fire      0%         6-21      100%        3
 Dazzling Flash           Conj/Hex       0%         N/A       100%        3
 Frozen Ramparts          Ice            0%         1d1       100%        3
 Gell's Gravitas          Tloc           0%         N/A       100%        3
 Ignite Poison            Fire/Tmut/Pois 0%         N/A       100%        3
 Mephitic Cloud           Conj/Pois/Air  0%         N/A       100%        3
 Ozocubu's Armour         Ice            0%         N/A       100%        3
 Portal Projectile        Hex/Tloc       0%         N/A       100%        3
 Stone Arrow              Conj/Erth      0%         3d7       100%        3
 Teleport Other           Tloc           0%         N/A       100%        3
 Tukima's Dance           Hex            0%         N/A       100%        3
 Vampiric Draining        Necr           0%         2d6       100%        3
 Airstrike                Air            0%         2d(0-16)  100%        4
 Animate Armour           Summ/Erth      0%         N/A       100%        4
 Animate Dead             Necr           0%         N/A       100%        4
 Cause Fear               Hex            0%         N/A       100%        4
 Corpse Rot               Necr/Pois/Air  0%         N/A       100%        4
 Hailstorm                Conj/Ice       0%         3d3       100%        4
 Ice Form                 Ice/Tmut       0%         N/A       100%        4
 Iskenderun's Mystic Bla  Conj/Tloc      0%         2d3       100%        4
 Petrify                  Tmut/Erth      0%         N/A       100%        4
 Sticky Flame             Conj/Fire      0%         2d3       100%        4
 Summon Ice Beast         Ice/Summ       0%         N/A       100%        4
 Summon Lightning Spire   Summ/Air       0%         N/A       100%        4
 Agony                    Necr           0%         N/A       100%        5
 Alistair's Intoxication  Tmut/Pois      0%         N/A       100%        5
 Blade Hands              Tmut           0%         N/A       100%        5
 Borgnjor's Vile Clutch   Necr/Erth      0%         N/A       100%        5
 Freezing Cloud           Conj/Ice/Air   0%         6-21      100%        5
 Irradiate                Conj/Tmut      0%         3d11      100%        5
 Iskenderun's Battlesphe  Conj           0%         2d6       100%        5
 Lightning Bolt           Conj/Air       0%         1d11      100%        5
 Metabolic Englaciation   Hex/Ice        0%         N/A       100%        5
 Silence                  Hex/Air        0%         N/A       100%        5
 Summon Forest            Summ/Tloc      0%         N/A       100%        5
 Summon Mana Viper        Hex/Summ       0%         N/A       100%        5
 Yara's Violent Unravell  Hex/Tmut       0%         3d3       100%        5
 Conjure Ball Lightning   Conj/Air       0%         3x3d6     100%        6
 Death Channel            Necr           0%         N/A       100%        6
 Dispersal                Tloc           0%         N/A       100%        6
 Eringya's Noxious Bog    Tmut/Pois      0%         N/A       100%        6
 Iron Shot                Conj/Erth      0%         9d1       100%        6
 Simulacrum               Ice/Necr       0%         N/A       100%        6
 Starburst                Conj/Fire      0%         6d3       100%        6
 Dragon Form              Tmut           0%         N/A       100%        7
 Haunt                    Necr/Summ      0%         N/A       100%        7
 Monstrous Menagerie      Summ           0%         N/A       100%        7
 Ozocubu's Refrigeration  Ice            0%         4d7       100%        7
 Spellforged Servitor     Conj/Summ      0%         N/A       100%        7
 Storm Form               Tmut/Air       0%         N/A       100%        7
 Summon Hydra             Summ           0%         N/A       100%        7
 Borgnjor's Revivificati  Necr           0%         N/A       100%        8
 Discord                  Hex            0%         N/A       100%        8
 Disjunction              Tloc           0%         N/A       100%        8
 Lehudib's Crystal Spear  Conj/Erth      0%         10d2      100%        8
 Dragon's Call            Summ           0%         N/A       100%        9
 Polar Vortex             Ice            0%         N/A       100%        9


Dungeon Overview and Level Annotations

Branches:
Dungeon (15/15)            Temple (1/1) D:4            Lair (5/5) D:9
  Swamp (4/4) Lair:3       Spider (4/4) Lair:3          Orc (2/2) D:9
    Elf (3/3) Orc:2        Vaults (5/5) D:14          Crypt (3/3) Vaults:3
   Tomb (0/3) Crypt:3      Depths (4/4) D:15            Zot (5/5) Depths:4
  Sewer (visited)         Ossuary (visited)          Bailey (visited)
  IceCv (visited)
  Slime: Lair:4-5

Altars:
Ashenzari
Cheibriados
Dithmenos
Elyvilon
Fedhas
Gozag
Hepliaklqana
Kikubaaqudgha
Makhleb
Nemelex Xobeh
Okawaru
Qazlal
Ru
Sif Muna
Trog
Uskayaw
Vehumet
Wu Jian
Xom
Yredelemnul
Zin
The Shining One

Shops:
D:1 =   D:5 [   D:6 !   D:8 *   D:12 **   Orc:2 !*(?   Elf:2 =   Vaults:1 [
Vaults:3 =   Depths:3 ?   Depths:4 ??*([

Portals:
Hell: Depths:1 Depths:2 Depths:3 Depths:4
Abyss: Depths:3
Pandemonium: Depths:1 Depths:2
Ziggurat: Depths:3

Annotations:
D:3 exclusion: downstairs
D:4 exclusion: upstairs
D:5 exclusions: downstairs and upstairs
D:8 2 transporters, exclusions: 2 downstairs and upstairs, shugdite's ghost, novice MiMo
D:13 exclusion: downstairs
Lair:4 1 runed translucent door, 1 exclusion, MisterFreud's ghost, journeyman FoGl
Elf:3 4 transporters
Vaults:3 2 exclusions
Vaults:5 !be prepared
Depths:1 exclusion: 3 downstairs
Depths:3 exclusion: downstairs
Depths:4 1 runed translucent door, exclusion: 2 upstairs
Zot:2 exclusions: downstairs and 2 upstairs
Zot:3 !carefyk
Zot:4 exclusions: 2 upstairs and 3 more exclusions
Zot:5 6 exclusions


Innate Abilities, Weirdness & Mutations

You have a pair of horns on your head.
You reflexively headbutt those who attack you in melee.
You are very clumsy. (Dex -4)
Your body often deteriorates upon taking damage.
You are weak. (Str -2)


Message History

You kill the hellion!
The Council accepts your kill.
You feel much better.
There is an open door here.
There is a stone staircase leading up here.
You climb upwards.
Level annotation: exclusion: upstairs
There is a stone staircase leading down here.
There is a stone staircase leading up here.
You climb upwards.
Level annotation: exclusion: downstairs
There is a stone staircase leading down here.
There is a stone staircase leading up here.
You climb upwards.
There is a stone staircase leading down here.
There is a stone staircase leading up here.
You climb upwards.
There is a stone staircase leading down here.
You feel yourself speed up.
A demonspawn blood saint comes into view.
It is wielding a +0 dagger.
A demonspawn black sun comes into view.
It is wielding a +0 vampiric demon trident.
The demonspawn black sun shouts!
The demonspawn blood saint conjures a destructive force in the name of Makhleb!
The mass of ice explodes!
The iceblast engulfs you. You partially resist.
The fireball explodes!
The fireball engulfs you. You resist.
A blizzard demon comes into view.
The demonspawn black sun mumbles some strange prayers to Kikubaaqudgha.
The demonspawn blood saint begins absorbing vital energies!
The blizzard demon begins absorbing vital energies!
The demonspawn black sun begins absorbing vital energies!
Press: ? - help, . - travel You can't see that place. [the floor.]
The demonspawn blood saint conjures a destructive force in the name of Makhleb!
The fireball explodes!
The fireball engulfs you but does no damage.
The mass of ice explodes!
The iceblast engulfs you but does no damage.
There is a staircase leading out of the dungeon here.
You have escaped!

........#######.### ###
.####.### ###.#∩######## .#
#...# ###.#####...# .# ###.#
####.###..##.# .# #.#
#.##~~..###..# .# #.#
###..~~##.##.## .##
#.####..###.#####.# ..#
#.#...#####.#####.### ..#
#...######@#.##.....#
..#####..#.#######.######.#
.....)...#.## #.###.#####.#
..####...######.###.#####.#
..##......#...............####
..#.#.#..#.##..###.######....#
)..###.........# #.# #.##.#
###.#.#..#####.###.# #.##.#
##.##..# ##...##.# #.##.#


There were no monsters in sight!

Vanquished Creatures
  A pandemonium lord (Zot:5)
  Khufu (Crypt:3)
  5 dread liches
  3 orbs of fire
  3 ancient liches
  A juggernaut (Depths:2)
  A royal mummy (Depths:3)
  4 Killer Klowns
  Xtahua (Depths:3)
  3 caustic shrikes (Depths:1)
  8 golden dragons
  A profane servitor (Crypt:3)
  A bone dragon (Crypt:3)
  2 electric golems
  7 tentacled monstrosities
  Rupert (D:14)
  A Hell Sentinel (D:15)
  2 walking crystal tomes
  5 liches
  23 Orb Guardians
  Asterion (Depths:2)
  6 titans
  An acid blob (shapeshifter) (Vaults:5)
  4 deep elf master archers (Elf:3)
  3 deep elf blademasters
  A walking divine tome (Depths:2)
  3 quicksilver dragons
  5 ancient champions
  9 sphinxes
  7 death cobs
  7 tengu reavers
  15 storm dragons
  3 draconian monks
  9 shadow dragons
  2 revenants
  An iron dragon (Depths:4)
  A fenstrider witch (Swamp:2)
  A deep elf sorcerer (Elf:3)
  2 emperor scorpions
  14 frost giants
  4 draconian knights
  Louise (Spider:2)
  A balrug (Zot:4)
  5 ghost moths
  9 fire giants
  15 vault wardens
  2 spectral juggernauts (Depths:3)
  An orc warlord (Vaults:1)
  5 draconian scorchers
  3 draconian shifters
  3 angels (Zot:2)
  3 deep elf elementalists
  4 draconian stormcallers
  A reaper (IceCv)
  2 draconian annihilators (Zot:5)
  A caustic shrike zombie (Depths:2)
  2 ghouls
  20 ironbound preservers
  A caustic shrike skeleton (Depths:1)
  18 stone giants
  6 ironbound thunderhulks
  3 war gargoyles
  5 broodmothers
  8 deep elf demonologists
  30 very ugly things
  The ghost of Feguytzu the Basher, a journeyman GrMo of Gozag (Spider:4)
  3 purple draconians
  5 black draconians
  3 entropy weavers
  6 eleionomae
  A spectral titan (Depths:3)
  4 green draconians
  Nessos (D:14)
  8 vampire knights
  12 red draconians
  A bunyip (Swamp:1)
  8 dire elephants
  7 white draconians
  10 deep elf annihilators
  Azrael (Orc:2)
  12 yellow draconians
  26 spark wasps
  Snorg (D:13)
  2 green deaths (Swamp:4)
  3 crystal guardians
  7 deep elf death magi
  A spectral spriggan (Depths:3)
  16 ettins
  4 mummy priests
  2 eidola (Crypt:1)
  9 deep elf high priests
  3 spectral golden dragons (Depths:3)
  18 yaktaur captains
  15 jiangshi
  Fannar (D:10)
  13 fire dragons
  27 vault guards
  A radroach (Spider:1)
  A hell beast (Depths:4)
  2 jorogumos (Spider:3)
  7 ice dragons
  2 ghost crabs
  5 great orbs of eyes
  3 rakshasas
  4 ogre magi
  8 boulder beetles
  A catoblepas (Lair:4)
  6 death knights
  3 peacekeepers
  17 hydras
  2 spectral tengu (Depths:3)
  A merfolk avatar (Lair:5)
  9 ironbound frosthearts
  A spectral frost giant (Depths:3)
  2 spectral fire giants (Depths:3)
  4 spriggan air magi
  15 centaur warriors
  31 dancing weapons
  A two-headed ogre (shapeshifter) (Depths:3)
  6 two-headed ogres
  7 deep troll shamans
  4 alligators
  An anaconda (shapeshifter) (Vaults:5)
  A death scarab (Spider:3)
  3 orc high priests
  Urug (D:14)
  4 death yaks (Lair:3)
  6 spriggan berserkers
  12 tengu warriors
  7 deep troll earth magi
  3 sun demons (Zot:4)
  4 vampire magi
  A thrashing horror (Swamp:4)
  A titan zombie (Depths:2)
  A shock serpent (shapeshifter) (Depths:4)
  10 hell knights
  22 deep elf knights
  2 storm dragon zombies
  7 iron trolls
  A titan skeleton (Depths:2)
  6 glowing orange brains
  Lodul (D:14)
  30 skeletal warriors
  2 death drakes (Swamp:4)
  5 shadow wraiths (Crypt:3)
  5 flayed ghosts
  A storm dragon skeleton (Crypt:1)
  A sun moth (Spider:4)
  An entropy weaver zombie (Vaults:3)
  62 deep trolls
  A spectral spark wasp (Depths:3)
  5 spriggan druids
  5 pharaoh ants
  9 steelbarb worms
  2 sea snakes
  8 goliath frogs
  An orb spider (shapeshifter) (Vaults:5)
  10 swamp dragons
  8 orb spiders
  12 wizards
  13 harpies
  9 lindwurms
  A spectral iron dragon (Depths:3)
  An anaconda skeleton (Crypt:1)
  14 phantasmal warriors
  A wolf spider (shapeshifter) (Zot:2)
  14 deep elf archers
  26 deep elf zephyrmancers
  A sphinx zombie (Depths:2)
  6 bog bodies
  An obsidian statue (Depths:3)
  2 frost giant zombies
  15 ironbound convokers
  2 tengu skeletons (Depths:1)
  22 wolf spiders
  24 deep elf pyromancers
  18 necromancers
  11 orc knights
  3 stone giant zombies
  A fire giant zombie (Vaults:3)
  72 ugly things
  A manticore (D:15)
  A shadow dragon skeleton (Crypt:1)
  6 orc sorcerers
  11 moths of wrath
  A sphinx skeleton (Crypt:2)
  2 will-o-the-wisps
  10 cyclopes
  A dire elephant zombie (Crypt:1)
  An eleionoma skeleton (Crypt:2)
  23 elephants
  An iron dragon skeleton (Depths:1)
  A water nymph (shapeshifter) (Vaults:5)
  19 vault sentinels
  An ice statue (IceCv)
  A fire giant skeleton (Depths:2)
  4 black mambas
  A yellow draconian zombie (Crypt:1)
  Joseph (D:8)
  A centaur skeleton (Crypt:3)
  10 torpor snails
  2 gargoyles
  12 cane toads
  A hellion (D:5)
  6 rime drakes
  2 unseen horrors
  An orange demon (Swamp:4)
  Maggie (D:8)
  4 demonic crawlers
  43 yaktaurs
  An anaconda simulacrum (IceCv)
  3 kobold demonologists
  6 tengu conjurers
  A golden dragon simulacrum (Crypt:1)
  9 freezing wraiths
  9 komodo dragons
  3 ice devils
  3 efreet
  A spark wasp simulacrum (Depths:2)
  2 harpy zombies (Crypt:3)
  15 guardian mummies
  A spectral glowing shapeshifter (Depths:3)
  A yellow draconian skeleton (Crypt:1)
  8 trolls
  2 minotaur skeletons (Crypt:1)
  6 polar bears
  A meliai (shapeshifter) (D:13)
  A queen bee (shapeshifter) (D:15)
  2 harpy skeletons
  A tyrant leech (shapeshifter) (D:15)
  2 bloated husks (Swamp:4)
  Grinder (D:4)
  7 meliai
  A queen bee (Spider:3)
  2 catoblepas skeletons (Crypt:1)
  19 blink frogs
  A slime creature (shapeshifter) (Vaults:5)
  2 ettin zombies
  7 tyrant leeches
  15 hornets
  2 snapping turtles (Lair:5)
  16 tarantellas
  Prince Ribbit (D:7)
  A wind drake (Lair:5)
  2 ice dragon zombies (Crypt:2)
  56 slime creatures
  An alligator zombie (Crypt:1)
  7 large abominations
  60 flying skulls
  An alligator skeleton (Crypt:2)
  A stone giant simulacrum (Vaults:3)
  A jumping spider (shapeshifter) (Elf:2)
  11 spriggans
  12 culicivoras
  9 shadows
  An ettin skeleton (Depths:1)
  45 yaks
  3 spriggan skeletons
  11 wyverns
  18 jumping spiders
  3 vampires
  4 water elementals
  A ynoxinul (Depths:1)
  16 humans
  5 fire elementals
  Eustachio (D:4)
  6 wraiths
  6 basilisks
  35 redbacks
  2 chaos spawn (Zot:2)
  7 steam dragons
  2 death yak simulacra (IceCv)
  12 vampire mosquitoes
  Edmund (D:6)
  15 swamp worms
  A faun zombie (Crypt:2)
  A glowing orange brain zombie (Crypt:2)
  3 acid dragons
  4 wargs
  A hydra simulacrum (IceCv)
  14 water moccasins
  A demonspawn skeleton (Crypt:2)
  A floating eye (Depths:2)
  4 hell hounds (Orc:2)
  Pargi (Sewer)
  A swamp drake (Swamp:3)
  A deep troll skeleton (Crypt:2)
  2 ice beasts
  28 orc warriors
  A sky beast (D:7)
  2 floating eye zombies (Depths:2)
  22 ogres
  10 boggarts
  A boggart (shapeshifter) (Elf:1)
  6 wolves
  10 centaurs
  2 phantoms (D:5)
  An elf zombie (Elf:1)
  4 kobold brigands
  16 bullfrogs
  7 necrophages
  3 earth elementals
  3 scorpions
  3 cane toad simulacra (IceCv)
  8 two-headed ogre simulacra (IceCv)
  8 wights (D:8)
  2 elephant simulacra (IceCv)
  35 killer bees
  An electric eel (Spider:3)
  2 howler monkeys
  5 jellies
  18 orc priests
  A gnoll bouda (D:4)
  2 hounds
  3 small abominations (Crypt:3)
  An iguana (D:6)
  Ijyb (D:3)
  Natasha (D:3)
  21 orc wizards
  4 troll simulacra (IceCv)
  6 spriggan simulacra (IceCv)
  2 polar bear simulacra (IceCv)
  2 wolf simulacra (IceCv)
  A hound skeleton (Crypt:2)
  8 mummies (Ossuary)
  13 gnolls
  5 naga simulacra (IceCv)
  4 adders
  3 shadow imps (D:6)
  6 white imps (IceCv)
  8 ufetubi
  6 worms
  A dart slug (D:2)
  100 orcs
  6 ball pythons
  18 bats
  6 endoplasms
  5 giant cockroaches
  3 gnoll zombies (Ossuary)
  10 goblins
  13 hobgoblins
  10 jackals
  18 kobolds
  8 quokkas
  A ball python skeleton (Crypt:1)
  4 frilled lizards
  A hobgoblin zombie (Ossuary)
  3 kobold zombies (Ossuary)
  2 orc zombies
  8 rats
  A butterfly (Zot:2)
2441 creatures vanquished.

Vanquished Creatures (others)
  An angel (Zot:2)
  A ghost moth (Zot:5)
  A stone giant (Depths:2)
  A moth of wrath (Spider:3)
  A bloated husk (Swamp:3)
  A chaos spawn (Zot:2)
  A redback (Spider:4)
  A swamp worm (Swamp:4)
  A boggart (D:14)
  A wight (D:8)
  2 orcs (D:8)
  6 foxfires
  56 fungi
  2 pillars of salt (Zot:2)
  89 plants
165 creatures vanquished.

Grand Total: 2606 creatures vanquished

Notes
Turn   | Place    | Note
-------+----------+-------------------------------------------
     0 | D:1      | nightchill the Minotaur Fighter began the quest for the
                  | Orb.
     0 | D:1      | Reached XP level 1. HP: 19/19 MP: 0/0
   131 | D:1      | Reached XP level 2. HP: 25/27 MP: 1/1
   303 | D:1      | Reached skill level 4 in Fighting
   728 | D:1      | Found Feyschueb's Jewellery Shoppe.
   908 | D:2      | Reached XP level 3. HP: 33/33 MP: 2/2
  1281 | D:2      | Reached XP level 4. HP: 41/41 MP: 3/3
  1826 | D:3      | Reached skill level 5 in Maces & Flails
  1831 | D:3      | Found a glowing drain.
  1850 | Sewer    | Entered a sewer
  1877 | Sewer    | Noticed Pargi
  1888 | Sewer    | Killed Pargi
  1889 | Sewer    | Reached skill level 5 in Fighting
  1889 | Sewer    | Reached XP level 5. HP: 28/48 MP: 4/4
  2111 | D:3      | Noticed Ijyb
  2120 | D:3      | Killed Ijyb
  2206 | D:3      | Reached XP level 6. HP: 45/56 MP: 5/5
  2492 | D:3      | Found a faded altar of an unknown god.
  2684 | D:3      | Found an opulent altar of Gozag.
  2878 | D:2      | Reached skill level 6 in Fighting
  3359 | D:3      | Found a hazy altar of Hepliaklqana.
  3434 | D:3      | Found a basalt altar of Yredelemnul.
  3546 | D:4      | Noticed Natasha
  3560 | D:3      | Killed Natasha
  3672 | D:3      | Reached XP level 7. HP: 61/63 MP: 6/6
  3686 | D:4      | Noticed Eustachio
  3966 | D:4      | Killed Eustachio
  4790 | D:4      | Found a shimmering altar of Xom.
  4799 | D:4      | Found a shimmering altar of Xom.
  4799 | D:4      | Found a shimmering altar of Xom.
  4799 | D:4      | Found a shimmering altar of Xom.
  4799 | D:4      | Found a shimmering altar of Xom.
  4800 | D:4      | Noticed Grinder
  4809 | D:4      | Killed Grinder
  4810 | D:4      | Reached skill level 7 in Fighting
  4810 | D:4      | Reached XP level 8. HP: 61/73 MP: 7/7
  4892 | D:4      | Found a staircase to the Ecumenical Temple.
  4899 | Temple   | Entered the Ecumenical Temple
  5474 | D:5      | Entered Level 5 of the Dungeon
  5562 | D:5      | Reached skill level 10 in Maces & Flails
  5625 | D:5      | Reached skill level 8 in Fighting
  5761 | D:5      | Found a sand-covered staircase.
  5770 | Ossuary  | Entered an ossuary
  6278 | D:5      | Found Lill's Armour Shop.
  6774 | D:6      | Found Alinoq's Distillery.
  6779 | D:6      | Bought a potion of heal wounds for 50 gold pieces
  7180 | D:5      | Reached XP level 9. HP: 35/82 MP: 8/8
  7417 | D:6      | Reached skill level 9 in Fighting
  7465 | D:6      | Found a radiant altar of Vehumet.
  7590 | D:6      | Noticed Edmund
  7623 | D:6      | Killed Edmund
  7860 | D:6      | Found an ornate altar of the Wu Jian Council.
  7863 | D:6      | Became a worshipper of the Wu Jian Council
  8192 | D:7      | Identified the +1 helmet of Negation {rElec rPois Str-2}
  8588 | D:1      | Bought the amulet "Riulacs" {Acrobat +Blink rPois rC+} for
                  | 717 gold pieces
  8784 | D:7      | Found a shimmering blue altar of Sif Muna.
  8912 | D:7      | Reached skill level 10 in Fighting
  9025 | D:7      | Noticed Prince Ribbit
  9029 | D:7      | Killed Prince Ribbit
  9450 | D:8      | Found Rido's Changing Room.
  9549 | D:8      | Reached * piety under Wu Jian
  9626 | D:8      | Found a flagged portal.
  9635 | Bailey   | Entered a bailey
  9644 | Bailey   | Reached XP level 10. HP: 90/94 MP: 9/9
  9804 | Bailey   | Noticed an orc knight
  9827 | Bailey   | Reached skill level 1 in Dodging
  9832 | Bailey   | Reached ** piety under Wu Jian
 10018 | Bailey   | Killed an orc knight
 10019 | Bailey   | Reached skill level 11 in Fighting
 10019 | Bailey   | Reached skill level 5 in Armour
 10351 | D:8      | Noticed Joseph
 10357 | D:8      | Killed Joseph
 10367 | D:8      | Noticed a brown ugly thing
 10375 | D:8      | Reached skill level 5 in Dodging
 10376 | D:8      | Noticed a cyclops
 10378 | D:8      | Killed a brown ugly thing
 10396 | D:8      | Killed a cyclops
 10646 | D:8      | Noticed Maggie
 10651 | D:8      | Killed Maggie
 10655 | D:8      | Reached XP level 11. HP: 98/104 MP: 10/10
 11104 | D:8      | Noticed a seven-headed hydra
 11106 | D:8      | Noticed a sixfirhy
 11120 | D:8      | Killed a seven-headed hydra
 11468 | D:8      | Found a transporter.
 11469 | D:8      | Found a transporter.
 11469 | D:8      | Noticed shugdite's ghost (novice MiMo)
 11471 | D:8      | Identified the +7 great mace of the Fuzzy God {vorpal,
                  | Str+5}
 11842 | D:9      | Reached skill level 12 in Fighting
 11911 | D:9      | Reached *** piety under Wu Jian
 11932 | D:9      | Paralysed by a hornet for 1 turns
 12290 | D:9      | Found a staircase to the Orcish Mines.
 12321 | D:9      | Found a staircase to the Lair.
 12335 | D:9      | Noticed a two-headed ogre
 12342 | D:9      | Killed a two-headed ogre
 12975 | Lair:1   | Entered Level 1 of the Lair of Beasts
 13034 | Lair:1   | Reached skill level 10 in Armour
 13157 | Lair:1   | Noticed a seven-headed hydra
 13163 | Lair:1   | Killed a seven-headed hydra
 13551 | Lair:1   | Reached XP level 12. HP: 113/113 MP: 11/11
 13716 | Lair:1   | Identified the +2 scale mail of Sorcery {*Corrode Will++}
 13965 | Lair:2   | Reached **** piety under Wu Jian
 14084 | Lair:2   | Noticed a six-headed hydra
 14097 | Lair:2   | Killed a six-headed hydra
 14098 | Lair:2   | Reached skill level 13 in Fighting
 14125 | Lair:2   | Reached skill level 10 in Dodging
 14693 | Lair:2   | Reached skill level 1 in Evocations
 14780 | Lair:2   | Identified the +10 short sword "Qoto" {venom, +Blink rCorr
                  | Str-5 Dex+5}
 14971 | Lair:2   | Noticed a five-headed hydra
 14988 | Lair:2   | Killed a five-headed hydra
 15604 | Lair:3   | Found a staircase to the Swamp.
 15763 | Lair:3   | Found a frozen archway.
 15786 | IceCv    | Entered an ice cave
 16512 | IceCv    | Reached ***** piety under Wu Jian
 16627 | IceCv    | Noticed a reaper
 16669 | IceCv    | Killed a reaper
 16669 | IceCv    | Reached skill level 5 in Shields
 17084 | Lair:3   | Found a hole to the Spider Nest.
 17102 | Lair:3   | Reached XP level 13. HP: 118/123 MP: 12/12
 17214 | Lair:3   | Reached XP level 14. HP: 130/130 MP: 13/13
 17424 | Lair:3   | Reached skill level 14 in Fighting
 19160 | Lair:4   | Found a glowing silver altar of Zin.
 19301 | Lair:4   | Found a runed translucent door.
 19301 | Lair:4   | Noticed MisterFreud's ghost (journeyman FoGl)
 19845 | Lair:5   | Entered Level 5 of the Lair of Beasts
 20527 | Lair:5   | Reached skill level 10 in Evocations
 20906 | Lair:4   | Reached skill level 15 in Fighting
 20906 | Lair:4   | Reached skill level 10 in Shields
 21812 | Lair:5   | Reached XP level 15. HP: 141/141 MP: 14/14
 22031 | Orc:1    | Entered Level 1 of the Orcish Mines
 22838 | Orc:2    | Entered Level 2 of the Orcish Mines
 22843 | Orc:2    | Paralysed by an orc sorcerer for 3 turns
 23113 | Orc:2    | Found a staircase to the Elven Halls.
 23561 | Orc:2    | Noticed Azrael
 23564 | Orc:2    | Paralysed by an orc sorcerer for 4 turns
 23569 | Orc:2    | HP: 6/141 [orc sorcerer/bolt of fire (18)]
 23911 | Orc:1    | Paralysed by an orc sorcerer for 5 turns
 24565 | Orc:2    | Killed Azrael
 24825 | Orc:2    | Found Hepu Guf's Magic Scroll Shop.
 24825 | Orc:2    | Found Dumagy's Weapon Shop.
 24829 | Orc:2    | Found Ammuckul's General Store.
 24829 | Orc:2    | Found Opse's Distillery.
 24979 | Orc:2    | Bought a scroll of identify for 22 gold pieces
 24979 | Orc:2    | Bought a scroll of identify for 22 gold pieces
 24979 | Orc:2    | Bought a scroll of identify for 22 gold pieces
 24979 | Orc:2    | Bought a scroll of identify for 22 gold pieces
 25056 | D:10     | Entered Level 10 of the Dungeon
 25533 | D:10     | Noticed Fannar
 25544 | D:10     | Killed Fannar
 26175 | D:11     | Reached ****** piety under Wu Jian
 27019 | D:12     | Reached skill level 16 in Fighting
 27536 | D:12     | Found Seareh's Specific Store.
 27538 | D:12     | Found Meraipn's General Store.
 27826 | D:13     | Noticed Snorg
 28420 | D:13     | Killed Snorg
 29807 | D:14     | Noticed Rupert
 29807 | D:14     | Noticed Urug
 29807 | D:14     | Noticed Nessos
 29807 | D:14     | Found a gate to the Vaults.
 29921 | D:14     | Noticed Lodul
 29927 | D:14     | Reached XP level 16. HP: 152/152 MP: 15/15
 29953 | D:14     | Killed Lodul
 30392 | D:14     | Killed Rupert
 30741 | D:14     | Killed Urug
 30984 | D:14     | Killed Nessos
 31436 | D:15     | Entered Level 15 of the Dungeon
 31558 | D:15     | Reached skill level 15 in Shields
 31723 | D:15     | Found a broken altar of Ashenzari.
 31959 | D:15     | Reached skill level 17 in Fighting
 32929 | D:15     | Found a staircase to the Depths.
 33189 | Swamp:1  | Entered Level 1 of the Swamp
 33734 | Swamp:1  | HP: 7/155 [seven-headed hydra[a spriggan druid] (3)]
 34862 | Swamp:1  | Identified a scroll of acquirement
 34862 | Swamp:1  | Acquired a +1 eveningstar of venom
 35014 | Swamp:2  | Found a sparkling altar of Nemelex Xobeh.
 35330 | Swamp:2  | Acquired the +0 pair of gloves of Heelotar {Dex+4}
 35635 | Swamp:2  | Reached skill level 15 in Maces & Flails
 36379 | Swamp:3  | Reached skill level 18 in Fighting
 36379 | Swamp:3  | Reached XP level 17. HP: 93/160 MP: 16/16
 37733 | Elf:1    | Entered Level 1 of the Elven Halls
 38344 | Elf:1    | Reached skill level 19 in Fighting
 39087 | Elf:1    | Got the Compendium of Evil Rituals
 39186 | Elf:1    | Reached skill level 20 in Fighting
 39748 | Spider:1 | Entered Level 1 of the Spider Nest
 40139 | Spider:1 | Reached skill level 15 in Armour
 40579 | Spider:1 | Identified the +7 chain mail "Gabiuget" {Rampage rF++ Str-2
                  | Int+2}
 41010 | Spider:2 | You fall into a shaft and drop 1 floor!
 41870 | Spider:2 | Identified the +0 pair of gloves of Tacumohi {Rampage rF-
                  | rCorr Stlth+}
 42661 | Spider:2 | Reached XP level 18. HP: 163/180 MP: 17/17
 42831 | Spider:2 | Noticed Louise
 42848 | Spider:2 | Killed Louise
 43987 | Spider:3 | Reached skill level 15 in Dodging
 44548 | Swamp:4  | Entered Level 4 of the Swamp
 45919 | Swamp:4  | Reached skill level 21 in Fighting
 45990 | Swamp:4  | Noticed a tentacled monstrosity
 46011 | Swamp:4  | Killed a tentacled monstrosity
 46416 | Swamp:4  | Got a decaying rune of Zot
 46851 | Vaults:1 | Entered Level 1 of the Vaults
 48077 | Vaults:1 | Identified the +1 robe of Context {Str+5}
 48326 | Vaults:1 | Reached XP level 19. HP: 146/190 MP: 18/18
 48634 | Vaults:1 | Found Usablukk's Antique Armour Boutique.
 49032 | Vaults:1 | Found a transporter.
 49074 | Vaults:1 | Found a transporter.
 49768 | Vaults:1 | Paralysed by a sphinx for 4 turns
 49777 | Vaults:1 | Identified the ring of Zotot {EV+4 Str+3}
 49786 | Vaults:1 | Identified the ring "Beyqox" {rPois Dex+6}
 50647 | Vaults:2 | Reached skill level 22 in Fighting
 53288 | Vaults:3 | Reached XP level 20. HP: 149/202 MP: 19/19
 53441 | Vaults:3 | Found a staircase to the Crypt.
 54474 | Vaults:3 | You fall into a shaft and drop 1 floor!
 54988 | Vaults:4 | Identified the +2 crystal plate armour of Agoraphobia
                  | {rPois Str-5 Dex-4 Stlth+}
 55457 | Vaults:3 | Found Fuezoowk's Jewellery Shoppe.
 57153 | Vaults:4 | Reached skill level 23 in Fighting
 57300 | Vaults:4 | Paralysed by a sphinx for 2 turns
 57847 | Depths:1 | Entered Level 1 of the Depths
 58392 | Depths:1 | Found a gateway to Hell.
 58399 | Depths:1 | Noticed a golden dragon
 58963 | Vaults:1 | Bought the +9 scales of the Dragon King {rPois rF+ rC+
                  | Will+} for 3744 gold pieces
 58963 | Vaults:1 | Found the +9 scales of the Dragon King {rPois rF+ rC+
                  | Will+}
 59194 | Depths:1 | Reached XP level 21. HP: 211/211 MP: 20/20
 59531 | Depths:1 | Paralysed by a vampire knight for 4 turns
 60433 | Depths:1 | Identified the +11 rapier of Dissatisfaction {spect, rPois
                  | rF+}
 60583 | Depths:1 | Killed a golden dragon
 61406 | Depths:1 | Noticed a caustic shrike
 61408 | Depths:1 | Noticed a caustic shrike
 61411 | Depths:1 | Killed a caustic shrike
 61418 | Depths:1 | Killed a caustic shrike
 61431 | Depths:1 | Noticed a caustic shrike
 61435 | Depths:1 | Killed a caustic shrike
 61716 | Depths:1 | Found a one-way gate leading to the halls of Pandemonium.
 62181 | Depths:2 | Noticed Asterion
 62186 | Depths:2 | Killed Asterion
 62252 | Depths:2 | Reached skill level 24 in Fighting
 62624 | Depths:2 | Paralysed by a floating eye for 2 turns
 62640 | Depths:2 | Paralysed by a floating eye for 2 turns
 62799 | Depths:1 | Reached XP level 22. HP: 220/222 MP: 19/21
 62815 | Depths:2 | Noticed a golden dragon
 63080 | Depths:2 | Noticed a golden dragon
 63097 | Depths:1 | Killed a golden dragon
 63365 | Depths:2 | Killed a golden dragon
 63855 | Depths:2 | Noticed a juggernaut
 63878 | Depths:2 | Killed a juggernaut
 64432 | Depths:2 | Noticed a golden dragon
 64451 | Depths:2 | Killed a golden dragon
 65147 | Orc:2    | Bought a potion of resistance for 140 gold pieces
 65147 | Orc:2    | Bought a potion of heal wounds for 70 gold pieces
 65147 | Orc:2    | Bought a potion of haste for 140 gold pieces
 65345 | Spider:4 | Entered Level 4 of the Spider Nest
 65625 | Spider:4 | Found a runed translucent door.
 65638 | Spider:4 | Noticed Feguytzu's ghost (journeyman GrMo)
 66373 | Spider:4 | Got a gossamer rune of Zot
 66681 | Spider:4 | Killed Feguytzu's ghost
 67221 | Vaults:5 | Entered Level 5 of the Vaults
 67287 | Vaults:5 | Identified the ring of Avvais Nelia {Wiz Int+4}
 67931 | Vaults:5 | Identified the ring "Junif" {rF+ Slay+4 SInv Stlth+}
 68028 | Vaults:5 | Reached XP level 23. HP: 177/232 MP: 22/22
 68346 | Vaults:5 | Reached skill level 25 in Fighting
 68549 | Vaults:5 | Noticed a caustic shrike
 68549 | Vaults:5 | an iron dragon changed into a caustic shrike
 68550 | Vaults:5 | a caustic shrike changed into an iron dragon
 68561 | Vaults:5 | Noticed an ancient lich
 68565 | Vaults:5 | Killed an ancient lich
 68781 | Vaults:5 | Identified the +1 chain mail "Xepel" {Will+++ Regen+ Dex-2
                  | SInv}
 68952 | Vaults:5 | Noticed a dread lich
 68954 | Vaults:5 | Identified the +10 shortbow "Racwowatuu" {speed, rPois rC+
                  | Str+4}
 68954 | Vaults:5 | Identified the +12 plate armour of the Scuffed God {rN+
                  | rCorr Str-3}
 68964 | Vaults:5 | Killed a dread lich
 69024 | Vaults:5 | Got the Vademecum on the Entrancing Zephyr
 69455 | Vaults:5 | Got a silver rune of Zot
 69495 | Vaults:5 | Identified the +4 dagger "Qirchoch" {vorpal, rPois rCorr}
 70632 | Elf:2    | Found a runed translucent gate.
 70632 | Elf:2    | Found a runed translucent gate.
 70633 | Elf:2    | Found a runed translucent gate.
 70691 | Elf:2    | Found Duqass's Jewellery Boutique.
 71759 | Elf:3    | Entered Level 3 of the Elven Halls
 71899 | Elf:3    | Found a transporter.
 71905 | Elf:3    | Found a transporter.
 72121 | Elf:3    | Found a transporter.
 72124 | Elf:3    | Found a transporter.
 72268 | Elf:3    | Found a transporter.
 72274 | Elf:3    | Found a transporter.
 72799 | Elf:3    | Reached XP level 24. HP: 244/244 MP: 22/22
 73147 | Elf:3    | Identified the +0 pair of boots of Tugifar {rN+ Dex+3
                  | Stlth-}
 73167 | Elf:3    | Found the +5 lochaber axe {reach-cleave, poleaxe}
 73182 | Elf:3    | Identified the ring "Fionunit" {rCorr Int-2 Dex+3}
 73188 | Elf:3    | Identified the +6 glaive of the Dancing Gods {freeze, rPois
                  | Str+3 Dex+3}
 73193 | Elf:3    | Identified an amulet of Kyudd {RegenMP Drain rC+ SInv}
 73213 | Elf:3    | Identified the +4 helmet of Feimuxto {Regen+}
 73232 | Elf:3    | Identified the +3 scimitar "Plojy" {speed, rPois}
 73312 | Elf:3    | Got Qataatogg's Quarto of Singed Maleficent Rituals
 74294 | Depths:2 | Identified the +1 robe of the Stonemason {Will+ Stlth+}
 74489 | Depths:3 | Found Meuroeff's Magic Scroll Shoppe.
 74498 | Depths:3 | Bought a scroll of magic mapping for 142 gold pieces
 74498 | Depths:3 | Bought a scroll of blinking for 142 gold pieces
 74498 | Depths:3 | Bought a scroll of enchant armour for 142 gold pieces
 74596 | Depths:3 | Found a hide-covered altar of Uskayaw.
 74648 | Depths:3 | Found a one-way gateway to a ziggurat.
 74648 | Depths:3 | Noticed Xtahua
 74656 | Depths:3 | Killed Xtahua
 75745 | Depths:3 | Noticed a royal mummy
 75754 | Depths:3 | Killed a royal mummy
 76003 | Depths:3 | Identified the +0 helmet of the Rotten Jabberwock {Dex+3}
 76066 | Depths:3 | Found a one-way gate to the infinite horrors of the Abyss.
 76101 | Depths:3 | Identified the +0 buckler "Byokke Doson" {+Blink Str+4
                  | Int+6}
 76133 | Depths:3 | Identified the +5 spear of Accord {spect, rElec rPois Str+4
                  | Stlth-}
 76219 | Depths:3 | Identified the ring "Astrosig" {rC+ Will- Int+2 Dex+6}
 76393 | Depths:3 | Found a blossoming altar of Fedhas.
 76651 | Depths:4 | Entered Level 4 of the Depths
 76722 | Depths:4 | Reached skill level 26 in Fighting
 77051 | Depths:4 | Found Fuuvem's Magic Scroll Emporium.
 77059 | Depths:4 | Bought a scroll of enchant weapon for 90 gold pieces
 77059 | Depths:4 | Bought a scroll of silence for 114 gold pieces
 77142 | Depths:4 | Found Xaorhyj's General Store.
 77146 | Depths:4 | Found Tidis's Armour Boutique.
 77201 | Depths:4 | Found Nuty's Antique Weapon Shop.
 77522 | Depths:4 | Found Geopneunua's Magic Scroll Shoppe.
 77531 | Depths:4 | Bought a scroll of enchant weapon for 135 gold pieces
 77920 | Depths:4 | Found a runed translucent door.
 77933 | Depths:4 | Found a runed translucent door.
 77933 | Depths:4 | Found a runed translucent door.
 77981 | Depths:4 | Found a runed translucent door.
 78046 | Depths:4 | Found a runed translucent door.
 78053 | Depths:4 | Found a runed translucent door.
 78086 | Depths:4 | Identified the +1 robe of Precision Catastrophes {rF- Dex+2
                  | Slay+5 Archmagi}
 78440 | Depths:4 | Found a gate to the Realm of Zot.
 78807 | Crypt:1  | Entered Level 1 of the Crypt
 79112 | Crypt:1  | Identified the +9 sling of Dissatisfaction {venom, rN++
                  | rCorr MP+9 Str-5}
 80157 | Crypt:2  | Reached XP level 25. HP: 245/255 MP: 22/22
 80556 | Crypt:3  | Entered Level 3 of the Crypt
 80846 | Crypt:3  | Found a basalt altar of Yredelemnul.
 81436 | Crypt:3  | Found the +8 demon blade "Leech" {vamp, Harm Drain rN+}
 81617 | Crypt:3  | Identified the ring of Day {rN+ Str+4}
 81617 | Crypt:3  | Identified the ring of Goulo {rElec rC+ rN+ Dex+4}
 82280 | Crypt:3  | Found a staircase to the Tomb.
 82280 | Crypt:3  | Noticed Khufu
 82285 | Crypt:3  | Killed Khufu
 83059 | Zot:1    | Entered Level 1 of the Realm of Zot
 83337 | Zot:1    | Noticed an orb of fire
 83356 | Zot:1    | Killed an orb of fire
 83362 | Zot:1    | Reached skill level 27 in Fighting
 84471 | Zot:2    | Noticed a Killer Klown
 84482 | Zot:2    | Noticed a Killer Klown
 84484 | Zot:2    | Killed a Killer Klown
 84499 | Zot:2    | Killed a Killer Klown
 84637 | Zot:2    | Found a glowing silver altar of Zin.
 84639 | Zot:2    | Found a shimmering altar of Xom.
 84656 | Zot:2    | Found a glowing golden altar of the Shining One.
 85183 | Zot:2    | Found an ancient bone altar of Kikubaaqudgha.
 85421 | Zot:2    | Found a shimmering altar of Xom.
 85813 | Zot:5    | Entered Level 5 of the Realm of Zot
 86195 | Zot:5    | Reached XP level 26. HP: 215/266 MP: 22/22
 86552 | Zot:5    | Reached skill level 15 in Evocations
 86790 | Zot:5    | Noticed a dread lich
 86792 | Zot:5    | Noticed a dread lich
 86796 | Zot:5    | Killed a dread lich
 86797 | Zot:5    | Noticed a dread lich
 86801 | Zot:5    | Noticed an ancient lich
 86803 | Zot:5    | Killed a dread lich
 86804 | Zot:5    | Killed a dread lich
 86805 | Zot:5    | Noticed an orb of fire
 86813 | Zot:5    | Noticed an ancient lich
 86820 | Zot:5    | Killed an ancient lich
 86829 | Zot:5    | Gained mutation: You are clumsy. (Dex -2) [an orb of fire]
 86832 | Zot:5    | Killed an ancient lich
 86838 | Zot:5    | Killed an orb of fire
 87529 | Zot:5    | Noticed a dread lich
 87529 | Zot:5    | Noticed a dread lich
 87549 | Zot:5    | Killed a dread lich
 87633 | Zot:5    | Noticed an orb of fire
 87634 | Zot:5    | Gained mutation: Your body sometimes deteriorates upon
                  | taking damage. [an orb of fire]
 87636 | Zot:5    | Gained mutation: You are weak. (Str -2) [an orb of fire]
 87640 | Zot:5    | Killed an orb of fire
 89391 | Zot:5    | Got the Orb of Zot
 89400 | Zot:5    | Noticed Zuatoc the pandemonium lord
 89413 | Zot:5    | Killed Zuatoc the pandemonium lord
 89782 | D:12     | Gained mutation: Your body often deteriorates upon taking
                  | damage. [a neqoxec]
 89783 | D:12     | Gained mutation: You are very clumsy. (Dex -4) [a neqoxec]
 90041 | D:$      | Escaped with the Orb!

Illustrated notes

Levels and vault maps discovered:
D:1:      spicycebolla_green_bress_n_ham_2, layout_loops_ring, serial_shops,
          shop_statue
D:2:      minmay_thinvault, layout_basic
D:3:      layout_loops_ring, mainiacjoe_overflow_tiny_flanked,
          nicolae_gozag_seed_capital, lemuel_coloured_pillars_altar,
          gup_sewer_entry_pipe, dreamdust_ecumenical_altar_grove, uniq_ijyb
D:4:      layout_rooms, xom_redecorated, minmay_temple_entry_drinking_statues,
          uniq_grinder, uniq_natasha, uniq_eustachio
D:5:      layout_cave_pools, serial_shops, nicolae_shop_waterfront,
          enter_ossuary_1, grunt_ministairs_6, roderic_serpentine_path,
          minmay_chambers_of_fives
D:6:      layout_cave_pools, mainiacjoe_overflow_brackets, serial_shops,
          nicolae_shop_hallway_stairs, minmay_ruined_shrine, uniq_edmund
D:7:      layout_basic, lemuel_tele_altar, uniq_prince_ribbit1
D:8:      minmay_quarter_circles, layout_loops_ring, enter_bailey_2,
          gammafunk_ghost_smash, nicolae_transmutations_shop, uniq_maggie,
          uniq_joseph
D:9:      layout_layer_cave, dpeg_oklobed_lair, orc_0_dummy,
          amcnicky_mini_corridor_feature, nrook_mini_vaults,
          dreamdust_mushroom_princess, corexii_hall_statues_i
D:10:     layout_roguey, uniq_fannar
D:11:     nicolae_cairo_tiling_large, layout_long_grid
D:12:     layout_roguey, nicolae_specific_store
D:13:     layout_small_grid, gauntlet_entry_generic, minmay_the_grid_2x2
          [minmay_the_grid_eight, minmay_the_grid_embedded,
          minmay_the_grid_plusring, minmay_the_grid_prize_four_corners],
          uniq_snorg
D:14:     layout_rooms, david_vaults_3, uniq_nessos, uniq_lodul
D:15:     gammafunk_enter_depths_forms, layout_rooms, kennysheep_flooded_box,
          ashenzari_altar_1
Temple:   compressed_dpeg_triangle_lava_temple
Lair:1:   layout_roguey
Lair:2:   layout_gridlike, wad_woods_river_04
Lair:3:   layout_long_grid, minmay_swamp_entry_swarm, spider_nest_entry_rubble,
          portal_ice_cave_rime, st_stairs_5, minmay_shattered_shrine
Lair:4:   layout_hall_layers, basic_altar, gammafunk_ghost_grave, uniq_rupert
Lair:5:   gammafunk_lair_ancient_temple, layout_layer_cave, slime_entry_2,
          grunt_megastairs_3
Swamp:1:  layout_basic_swamp, evilmike_swamp_ruin_rubble_2, swamp_pool3
Swamp:2:  layout_basic_swamp, basic_altar
Swamp:3:  layout_basic_swamp, hangedman_swamp_ruin_wall
Swamp:4:  swamp_vile, layout_basic_swamp, swamp_pool4
Spider:1: layout_spider_delve
Spider:2: layout_spider_delve, hangedman_spider_tarantella_strand, uniq_louise
Spider:3: layout_spider_delve, special_room [special_room_bee]
Spider:4: hellmonk_spider_rune_bug_friends, ebering_ghost_reflecting_pool
Orc:1:    layout_diamond_mine, basic_altar
Orc:2:    st_orc_elflike, layout_caves, uniq_azrael
Elf:1:    nicolae_elf_arrival_fired_up, layout_rooms, minmay_elf_necromancy,
          st_stairs_11, roderic_lattice_octagonal_star
Elf:2:    elven_hall_of_blades_hangedman_original
          [nicolae_blade_entry_sentries_behind_glass], layout_loops_cross,
          serial_shops, shop, kb_rosetta
Elf:3:    minmay_elf_hall_circle, layout_onion_city, serial_nicolae_subway,
          nicolae_sub_station_crystal, nicolae_sub_station_stone,
          nicolae_sub_station_metal
Vaults:1: gammafunk_its_a_trap, vaults_mumra_hexcomb, vaults_room_door_hall,
          v_alt_pattern_1, nicolae_vaults_stairing_the_circle,
          vaults_room_semicircle, grunt_vaults_swirl, vaults_dpeg_doors,
          vaults_room_hallway, vaults_room_grunt_arrival_ludios,
          vaults_room_hallway, v_pattern_5, layout_vaults_omnibox, serial_shops,
          shop
Vaults:2: v_misc_4, v_pattern_2, nicolae_vaults_network_periphery, v_misc_28,
          vaults_standard_mumra_x, ontoclasm_vaults_ring_small,
          nicolae_vaults_border_crossing, nicolae_vaults_little_ls,
          vaults_dpeg_ring, vaults_dpeg_diagonal, vaults_dpeg_encased_lava,
          layout_vaults_chaotic_city
Vaults:3: ontoclasm_vaults_shuriken, v_misc_5, minmay_crypt_entry_simple_box,
          nicolae_vaults_circle_grid_b, v_alt_pattern_3, vaults_room_pools,
          vaults_room_stairs_pillars, vaults_room_grid, dpeg_vaults_monster_row,
          nicolae_vaults_alarming, v_misc_22, v_misc_10, vaults_mumra_lcd,
          vaults_room_hallway, layout_vaults_ring, serial_shops,
          nicolae_shop_crystal
Vaults:4: nicolae_vaults_shelves_hall, vaults_mumra_hex, vaults_room_fours,
          v_rooms_1, v_misc_16, layout_vaults_omnicross
Vaults:5
Crypt:1:  layout_misc_corridors, serial_sigils_hangedman_confine,
          grunt_crypt_arrival_webbed
Crypt:2:  layout_chaotic_city, palyth_stone_intersect, lemuel_upstairs_altar
Crypt:3:  grunt_crypt_end_deaths_head
Depths:1: hangedman_grunt_twisty_little_passages, layout_basic, hell_entry,
          rand_demon_pan_entry_8, dreamdust_wasp_nest
Depths:2: grunt_runaround [grunt_runaround_doors_1, grunt_runaround_doors_2,
          grunt_runaround_doors_3, grunt_runaround_doors_4,
          grunt_runaround_loot], hell_entry, pan_entry, serial_shops,
          uniq_asterion
Depths:3: lemuel_minitomb, layout_honeycomb, enter_ziggurat_e, serial_shops,
          shop_statue, fedhas_altar_4, abyss_entry, hell_entry,
          nicolae_uskayaw_murder_on_the_dancefloor, uniq_xtahua
Depths:4: evilmike_zot_entry_castle, layout_long_grid, hell_entry, serial_shops,
          shop, shop, shop, shop, nicolae_shop_stone, serial_rivers,
          chequers_serial_rivers_micro_d, chequers_serial_rivers_small_b,
          chequers_serial_rivers_small_3, chequers_serial_rivers_small_3,
          chequers_serial_rivers_micro_e, chequers_serial_rivers_small_a
Zot:1:    layout_onion_interference, bh_zot_ikea_curve,
          hangedman_zot_decor_scrapings, bh_zot_lava_cross
Zot:2:    dreamdust_zin_vs_xom, layout_gridlike, hangedman_feature_mirror,
          st_single_dragon_hoard_3, skrybe_zot_glass_2
Zot:3:    layout_twisted_circle, uniq_tiamat
Zot:4:    layout_basic
Zot:5:    layout_gridlike, drop_trap, grunt_ministairs_3

Skill      XL: |  1  2  3  4  5  6  7  8  9 10 11 12 13 14 15 16 17 18 19 20 21 22 23 24 25 26 |
---------------+-------------------------------------------------------------------------------+-----
Maces & Flails | 3 4 6 7 9 11 14 15 16 | 16.0
Fighting       | 4 5 6 7 8 10 11 12 13 15 16 18 20 21 22 23 24 25 26 27 | 27.0
Armour         | 7 11 12 13 14 15 17 18 19 20 21 23 24 25 | 25.0
Dodging        | 6 9 11 13 14 16 17 18 19 20 21 23 25 | 25.0
Evocations     | 4 7 10 11 14 18 | 18.4
Shields        | 5 11 14 15 17 19 21 22 24 25 | 25.0

Action                   |  1- 3 |  4- 6 |  7- 9 | 10-12 | 13-15 | 16-18 | 19-21 | 22-24 | 25-27 || total
-------------------------+-------+-------+-------+-------+-------+-------+-------+-------+-------++-------
Melee: Flail             |    98 |   181 |   229 |   628 |  1206 |   482 |       |       |       ||  2824
       Headbutt          |    14 |    22 |    66 |   119 |   283 |   390 |   518 |   641 |   374 ||  2427
       Whip              |       |       |    61 |       |       |       |       |       |       ||    61
       Eveningstar       |       |       |       |       |       |  1022 |   809 |    83 |   570 ||  2484
       Demon whip        |       |       |       |       |       |       |   774 |  1590 |    63 ||  2427
       Morningstar       |       |       |       |       |       |       |       |   257 |   397 ||   654
Invok: Lunge             |       |       |    20 |    42 |    93 |   109 |   111 |   142 |    56 ||   573
       Whirlwind         |       |       |     6 |   337 |   371 |   166 |   185 |    95 |    91 ||  1251
       Serpent's Lash    |       |       |       |     4 |    22 |    20 |    17 |    10 |    14 ||    87
       Heavenly Storm    |       |       |       |       |       |       |       |     2 |     4 ||     6
 Abil: Wall Jump         |       |       |       |     8 |    17 |     4 |    13 |     4 |       ||    46
       Evoke Blink       |       |       |       |       |     1 |     1 |       |       |       ||     2
Evoke: Wand              |       |       |       |       |     3 |     6 |       |       |     9 ||    18
       Tin of tremorston |       |       |       |       |     2 |     2 |     4 |     3 |       ||    11
       Condenser vane    |       |       |       |       |     1 |     1 |     1 |     2 |       ||     5
  Use: Scroll            |       |     5 |     5 |     1 |    11 |    17 |    15 |    18 |     4 ||    76
       Potion            |       |     1 |     2 |     5 |     5 |     8 |     2 |     3 |     7 ||    33
 Stab: Invisible         |       |       |     1 |       |     3 |       |       |       |       ||     4
       Petrified         |       |       |       |       |     2 |       |       |       |       ||     2
       Petrifying        |       |       |       |       |     1 |       |       |       |       ||     1
       Paralysed         |       |       |       |       |     4 |       |       |       |       ||     4
       Distracted        |       |       |       |       |       |       |     1 |       |       ||     1
Armor: Scale mail        |    50 |    80 |    91 |       |       |       |       |       |       ||   221
       Plate armour      |       |       |     8 |   211 |   454 |   473 |   138 |       |       ||  1284
       Gold dragon scale |       |       |       |       |       |       |   119 |   224 |   164 ||   507
       Skin              |       |       |       |       |       |       |       |     2 |       ||     2
Dodge: Dodged            |    52 |    90 |   101 |   229 |   425 |   675 |   362 |   360 |   303 ||  2597
       Repelled          |       |       |       |     4 |     8 |    21 |     6 |    28 |    24 ||    91
Block: Buckler           |    21 |    43 |    56 |    69 |       |       |       |       |       ||   189
       Kite shield       |       |       |       |    38 |   501 |   371 |       |       |       ||   910
       Tower shield      |       |       |       |       |       |   773 |  1049 |  1196 |   907 ||  3925
